 Dungeon Crawl Stone Soup version 0.21-a0-274-gc1afaeb (webtiles) character file.

70 nikopol the Firebug (level 4, 0/24 HPs)
             Began as a Deep Elf Fire Elementalist on Sept 18, 2017.
             Killed from afar by Sigmund (10 damage)
             ... with a puff of flame
             ... on level 2 of the Dungeon.
             The game lasted 00:07:39 (1472 turns).

nikopol the Firebug (Deep Elf Fire Elementalist)    Turns: 1472, Time: 00:07:39

Health: 0/24       AC:  2    Str:  5    XL:     4   Next: 4%
Magic:  1/11       EV: 13    Int: 21    God:
Gold:   65         SH:  0    Dex: 15    Spells: 4/10 levels left

rFire    . . .     SeeInvis .   f - +0 short sword
rCold    . . .     Gourm    .   (no shield)
rNeg     . . .     Faith    .   a - +0 robe
rPois    .         Spirit   .   (no helmet)
rElec    .         Reflect  .   (no cloak)
rCorr    .         Harm     .   (no gloves)
MR       .....                  (no boots)
Stlth    ++........             (no amulet)
HPRegen  0.08/turn              (no ring)
MPRegen  0.12/turn              (no ring)

@: very slightly contaminated
A: no striking features
a: no special abilities


You were on level 2 of the Dungeon.
You were hungry.

You visited 1 branch of the dungeon, and saw 2 of its levels.

You collected 65 gold pieces.

Inventory:

Hand Weapons
 f - a +0 short sword (weapon)
Armour
 a - a +0 robe (worn)
Scrolls
 e - 4 scrolls of remove curse {unknown}
 g - a scroll of recharging {unknown}
 j - a scroll of fog {unknown}
 l - a scroll of teleportation {unknown}
 m - a scroll of enchant armour {unknown}
 n - a scroll of noise {unknown}
 o - 2 scrolls of identify {unknown}
Potions
 d - 2 potions of might {unknown}
 k - a potion of degeneration {unknown}
 p - 2 potions of curing {unknown}
Books
 b - a book of Flames

   Spells                             Type                      Level
   a - Flame Tongue                   Conjuration/Fire             1
   b - Throw Flame                    Conjuration/Fire             2
   c - Conjure Flame                  Conjuration/Fire             3
   d - Inner Flame                    Hexes/Fire                   3
   e - Sticky Flame                   Conjuration/Fire             4
   f - Fireball                       Conjuration/Fire             5
Comestibles
 c - 2 bread rations
 i - a royal jelly


   Skills:
 + Level 0.2 Short Blades
 + Level 2.8 Dodging
 + Level 2.8 Stealth
 + Level 3.9 Spellcasting
 + Level 1.7 Conjurations
 + Level 4.2 Fire Magic


You had 4 spell levels left.
You knew the following spells:

 Your Spells              Type           Power        Failure   Level  Hunger
a - Flame Tongue          Conj/Fire      ###..        3%          1    None
b - Throw Flame           Conj/Fire      ###...       5%          2    #......
c - Conjure Flame         Conj/Fire      ###.....     11%         3    ###....


Dungeon Overview and Level Annotations

Branches:
Dungeon (2/15)

Altars:

Annotations:
D:2 Sigmund


Message History

Press: ? - help, Dir - move target cursor, p - Sigmund The fire ignites!
Sigmund casts a spell at you. You resist with some effort.
Casting: Conjure Flame
Confirm with . or Enter, or press ? or * to list all spells.
Aiming: Flame Tongue
Press: ? - help, Shift-Dir - straight line, f - Sigmund
Aim: Sigmund, wielding a scythe and wearing a robe (moderately wounded)
The flame tongue hits Sigmund.
Sigmund is moderately wounded.
Sigmund casts a spell at you.
You are confused.
You're too confused to cast spells.
You're too confused!
You're too confused to move!
You feel less confused.
Sigmund points at you and mumbles some strange words.
The puff of flame hits you!
You die...

............##..........#
........#.......######'######
........'..............#
........#.......########
........#.......###########
........#.................#
........#.................#
..........................#
....>......####.@.........#
..##.#......@ยง......(.....#
#.#...#.#.#............#
#.#....<#.#.....#'######
#.#.#.#.#.#........#######
#{#.#.#.#.#..............#
#.#...#.#.#..............#
####.#####.#.+..............#
.......@...###....#.........#


You could see Sigmund.

Vanquished Creatures
  An adder (D:2)
  A worm (D:2)
  A dart slug (D:2)
  2 leopard geckos
  8 bats
  2 giant cockroaches (D:1)
  12 goblins
  7 hobgoblins
  3 frilled lizards
  8 kobolds
  A leopard gecko skeleton (D:2)
  4 rats
50 creatures vanquished.

Notes
Turn   | Place    | Note
-------+----------+-------------------------------------------
     0 | D:1      | nikopol the Deep Elf Fire Elementalist began the quest for the Orb.
     0 | D:1      | Reached XP level 1. HP: 10/10 MP: 6/6
    81 | D:1      | Reached XP level 2. HP: 15/15 MP: 0/8
   585 | D:1      | Reached skill level 4 in Fire Magic
   682 | D:1      | Reached XP level 3. HP: 19/19 MP: 7/9
  1066 | D:2      | Noticed Sigmund
  1098 | D:1      | Learned a level 2 spell: Throw Flame
  1102 | D:1      | Learned a level 3 spell: Conjure Flame
  1246 | D:2      | Reached XP level 4. HP: 17/24 MP: 4/11
  1472 | D:2      | Killed from afar by Sigmund

Vault maps used:
D:1:      matt_arrival_spirals
D:2:      first_bread, uniq_sigmund

Skill      XL: |  1  2 |
---------------+-------+-----
Fire Magic     | 4 |  4.2
Short Blades   | |  0.2
Dodging        | |  2.8
Stealth        | |  2.8
Spellcasting   | |  3.9
Conjurations   | |  1.7

Action                   |  1- 3 |  4- 6 || total
-------------------------+-------+-------++-------
Melee: Short sword       |     5 |       ||     5
 Cast: Flame Tongue      |    79 |     6 ||    85
       Conjure Flame     |       |     2 ||     2
       Throw Flame       |       |     1 ||     1
  Eat: Chunk             |     1 |       ||     1
Armor: Robe              |    10 |       ||    10
Dodge: Dodged            |    29 |     1 ||    30

Table legend:
 A = Spawn XP
 B = Non-spawn XP
 C = Spawn XP percentage of total XP
 D = Spawn monster count
 E = Non-spawn monster count
 F = Spawn count percentage of total count
 G = Total turns spent on level
                    A         B        C        D         E        F      G
               +---------+---------+-------+---------+---------+-------+---------
         Total |       0 |     101 |   0.0 |       0 |      50 |   0.0 |  1472
               +---------+---------+-------+---------+---------+-------+---------
           D:1 |       0 |      47 |   0.0 |       0 |      29 |   0.0 |   850
           D:2 |       0 |      54 |   0.0 |       0 |      21 |   0.0 |   622
               +---------+---------+-------+---------+---------+-------+---------
